 Dungeon Crawl Stone Soup version 0.30-a0-613-gdd512c7efb (webtiles) character file.

Game seed: 16352539775775214704

46 bande the Trooper (level 3, -3/24 HPs)
             Began as a Gargoyle Fighter on Jan 8, 2023.
             Slain by a worm (9 damage)
             ... on level 2 of the Dungeon.
             The game lasted 00:01:16 (1047 turns).

bande the Trooper (Gargoyle Fighter)                Turns: 1047, Time: 00:01:17

Health: -3/24      AC: 10    Str: 19    XL:     3   Next: 66%
Magic:  3/3        EV:  9    Int:  8    God:
Gold:   115        SH:  4    Dex: 11    Spells: 2/2 levels left

rFire   . . .      SeeInvis .    a - +0 war axe
rCold   . . .      Faith    .    c - +0 buckler
rNeg    + . .      Spirit   .    b - +0 scale mail
rPois   ∞          Reflect  .    (no helmet)
rElec   +          Harm     .    (no cloak)
rCorr   .          Rampage  .    (no gloves)
Will    .....                    (no boots) Stlth
                                 (no amulet)
HPRegen 0.24/turn                (no ring)
MPRegen 0.08/turn                (no ring)

@: no status effects
A: sickness immunity, AC +3, negative energy resistance 1, electricity
resistance, torment resistance 1, petrification resistance
a: no special abilities


You were on level 2 of the Dungeon.
You visited 1 branch of the dungeon, and saw 2 of its levels.

You collected 115 gold pieces.

Inventory:

Hand Weapons
 a - a +0 war axe (weapon)
Armour
 b - a +0 scale mail (worn)
 c - a +0 buckler (worn)
Scrolls
 f - a scroll of teleportation {unknown}
 i - a scroll of amnesia {unknown}
Potions
 d - a potion of might
 e - 3 potions of curing {unknown}
 g - 2 potions of heal wounds {unknown}
 h - a potion of mutation {unknown}


   Skills:
 + Level 3.8 Fighting
 + Level 2.4 Axes
 + Level 3.7 Armour
 + Level 3.6 Shields


You had 2 spell levels left.
You didn't know any spells.
Your spell library was empty.

Dungeon Overview and Level Annotations

Branches:
Dungeon (2/15)

Altars:


Innate Abilities, Weirdness & Mutations

You are immune to sickness and miasma.
Your stone body is resilient. (AC +3)
You are immune to poison.
You resist negative energy. (rN+)
You are resistant to electric shocks. (rElec)
You are resistant to unholy torment.
You are immune to petrification.


Message History

Unknown command.
You barely miss the worm.
The worm is moderately wounded.
You barely miss the goblin. You barely miss the adder.
You closely miss the adder. The adder misses you.
The goblin hits you but does no damage.
The adder bites you but does no damage. x2
The goblin barely misses you. You block the worm's attack. The adder bites you.
* * * LOW HITPOINT WARNING * * *
You hit the worm but do no damage.
The worm is lightly wounded.
You hit the goblin.
You kill the goblin!
You closely miss the adder. You hit the adder.
You kill the adder!
You block the adder's attack. The adder bites you but does no damage.
Unknown command.
You hit the worm.
The worm is moderately wounded.
You closely miss the adder. The adder barely misses you.
The worm closely misses you. The adder closely misses you.
Unknown command.
You hit the worm but do no damage.
The worm is lightly wounded.
You barely miss the adder. The adder bites you but does no damage.
You block the worm's attack. The adder bites you but does no damage.
Unknown command.
You barely miss the worm.
The worm is lightly wounded.
You hit the adder. The adder bites you but does no damage. The worm bites you.
* * * LOW HITPOINT WARNING * * *
You hit the worm.
The worm is moderately wounded.
You completely miss the adder. The adder bites you but does no damage.
The adder closely misses you. The worm bites you but does no damage.
Unknown command.
You hit the worm.
The worm is heavily wounded.
You miss the adder. The adder bites you but does no damage.
You block the adder's attack. The worm bites you!
You die...

.............
............
.:.........####
...............
..........#..##
...........#...
......)wS...#
##...)@....# #
......))....###.#
##.............!#
..#.....).....###
..#.............#
...........###.#
..#.........# #
............# .#
...........###.##


You could see a worm and an adder.

Vanquished Creatures
  An adder (D:2)
  A worm (D:1)
  2 endoplasms
  2 giant cockroaches (D:1)
  3 hobgoblins
  3 jackals (D:1)
  3 kobolds (D:2)
  A quokka (D:1)
  2 ball pythons (D:1)
  A bat (D:1)
  3 frilled lizards
  4 goblins
  7 rats
33 creatures vanquished.

Notes
Turn   | Place    | Note
-------+----------+-------------------------------------------
     0 | D:1      | bande the Gargoyle Fighter began the quest for the Orb.
     0 | D:1      | Reached XP level 1. HP: 14/14 MP: 1/1
   171 | D:1      | Reached XP level 2. HP: 19/19 MP: 2/2
   266 | D:1      | You fall into a shaft and drop 1 floor!
   836 | D:2      | Reached XP level 3. HP: 10/24 MP: 3/3
  1047 | D:2      | Slain by a worm

Illustrated notes

Levels and vault maps discovered:
D:1:      dpeg_arrival_rhombi, layout_loops_ring, dk_noncrumbling_2
D:2:      layout_rooms, shapermc_ecumenical_altar_petra, st_stairs_9

Skill      XL: |  1  2 |
---------------+-------+-----
Axes           | 2 |  2.4
Fighting       | |  3.8
Armour         | |  3.7
Shields        | |  3.6

Action                   || total
-------------------------++-------
Melee: War axe           ||   101
Armor: Scale mail        ||    77
Dodge: Dodged            ||    75
Block: Buckler           ||    29

Table legend: (Time is in decaauts)
 A = Elapsed time spent in this place.
 B = Non-inter-level travel time spent in this place.
 C = Inter-level travel time spent in this place.
 D = Time resting spent in this place.
 E = Time spent auto-exploring this place.
 F = Levels seen in this place.
 G = Mean time per level.
                   A        B        C        D        E       F      G
               +--------+--------+--------+--------+--------+-----+--------+
         Total |   1092 |   1046 |     46 |    146 |    658 |   2 |  546.0 |
       Dungeon |   1092 |   1046 |     46 |    146 |    658 |   2 |  546.0 |
               +--------+--------+--------+--------+--------+-----+--------+

Top non-repeatable levels by time:
     D:1: 1003 daAuts
     D:2: 89 daAuts
